 Dungeon Crawl Stone Soup version 0.30-b1-2-g02819fbbbe (webtiles) character file.

Game seed: 10627918976553649044

1707 sanka the Nimble (level 9, 0/82 HPs)
             Began as a Meteoran Hexslinger on May 9, 2023.
             Was a Follower of Okawaru.
             Slain by a gnoll sergeant
             ... wielding a +0 vampiric trident
              (8 damage)
             ... on level 7 of the Dungeon.
             The game lasted 00:19:32 (3716 turns).

sanka the Nimble (Meteoran Hexslinger)              Turns: 3716, Time: 00:19:32

Health: 0/82       AC:  6    Str: 18    XL:     9   Next: 47%
Magic:  11/12      EV: 23    Int: 15    God:    Okawaru [*.....]
Gold:   280        SH:  0    Dex: 19    Spells: 9/10 levels left

rFire   . . .        b - +1 dagger (venom)
rCold   . . .        (no shield)
rNeg    . . .        c - +0 robe
rPois   .            y - +0 helmet
rElec   .            v - +2 cloak {rCorr}
rCorr   +            (no gloves)
SInv    .            (no boots)
Will    +....        (no amulet)
Stlth   +            D - +5 ring of evasion
HPRegen 0.33/turn    n - +6 ring of strength
MPRegen 0.13/turn

%: no passive effects
@: attractive, glowing
A: sense surroundings 2, otherworldly, glowing, explore regen
a: Renounce Religion, Heroism


You were on level 7 of the Dungeon.
You worshipped Okawaru.
Okawaru was aware of your devotion.
You visited 2 branches of the dungeon, and saw 8 of its levels.
You also visited: Sewer.

You collected 280 gold pieces.

Inventory:

Hand Weapons
 a - a +1 sling
 b - a +1 dagger of venom (weapon)
 G - a +0 flail
Missiles
 s - 5 poisoned darts
 C - a throwing net {=f}
Armour
 c - a +0 robe (worn)
 v - a +2 cloak of preservation (worn)
 y - a +0 helmet (worn)
Jewellery
 f - a ring of fire
 g - a ring of protection from cold
 n - a +6 ring of strength (right hand)
 D - a +5 ring of evasion (left hand)
 I - a ring of positive energy
Wands
 u - a wand of paralysis (12)
Scrolls
 e - 2 scrolls of teleportation {@r4}
 h - 3 scrolls of vulnerability {!r}
 j - 2 scrolls of poison {!r}
 m - a scroll of amnesia
 p - a scroll of noise {!r}
 t - 2 scrolls of enchant weapon
 x - a scroll of blinking {unknown}
 B - a scroll of acquirement {unknown}
 E - a scroll of magic mapping {unknown}
 H - a scroll of brand weapon {unknown}
Potions
 d - a potion of invisibility {unknown}
 i - a potion of cancellation {unknown}
 k - a potion of haste {unknown}
 l - 2 potions of flight {unknown}
 o - 2 potions of attraction {!q}
 q - a potion of magic {unknown}
 r - 2 potions of heal wounds {@q2}
 w - 2 potions of lignification {unknown}
 z - 2 potions of curing {unknown}
 A - a potion of might {unknown}
 F - a potion of resistance {unknown}


   Skills:
 + Level 8.5 Fighting
 - Level 2.1 Ranged Weapons
 + Level 9.2 Dodging
 - Level 2.0 Unarmed Combat
 - Level 1.3 Spellcasting
 - Level 3.6 Hexes
 + Level 2.8 Invocations


You had 9 spell levels left.
You knew the following spells:

 Your Spells              Type           Power      Damage    Failure   Level
a - Slow                  Hex            44%        N/A       5%          1

Your spell library contained the following spells:

 Spells                   Type           Power      Damage    Failure   Level
 Apportation              Tloc           2%         N/A       24%         1
 Inner Flame              Hex/Fire       6%         N/A       34%         3
 Portal Projectile        Hex/Tloc       12%        N/A       34%         3
 Cause Fear               Hex            5%         N/A       47%         4
 Olgreb's Toxic Radiance  Pois           1%         N/A       93%         4
 Alistair's Intoxication  Tmut/Pois      0%         N/A       100%        5
 Discord                  Hex            5%         N/A       100%        8
 Ignition                 Fire           0%         3d3       100%        8


Dungeon Overview and Level Annotations

Branches:
Dungeon (7/15) Zot: 575    Temple (1/1) D:4 Zot: 585   Sewer (visited)

Altars:
Ashenzari
Dithmenos
Elyvilon
Hepliaklqana
Okawaru
Qazlal
Trog
Xom
Yredelemnul
Zin
The Shining One


Innate Abilities, Weirdness & Mutations

You passively map the area around you.
You are easily found by Zot.
You glow in the dark.
You regain HP and MP as you explore.


Message History

It was a potion of attraction.
You feel attractive to monsters. The gnoll sergeant barely misses you.
It was a potion of heal wounds.
You feel much better.
The gnoll sergeant hits you with a +0 vampiric trident.
You hit the gnoll sergeant but do no damage.
The gnoll sergeant looks as sick as possible!
The gnoll sergeant is heavily wounded.
The gnoll sergeant hits you with a +0 vampiric trident!
* * * LOW HITPOINT WARNING * * *
The gnoll sergeant draws strength from your wounds!
You hit the gnoll sergeant but do no damage.
The gnoll sergeant looks as sick as possible!
The gnoll sergeant is moderately wounded.
The gnoll sergeant closely misses you.
You hit the gnoll sergeant but do no damage.
The gnoll sergeant looks as sick as possible!
The gnoll sergeant is heavily wounded.
The gnoll sergeant misses you.
Unknown command.
You hit the gnoll sergeant but do no damage.
The gnoll sergeant is heavily wounded.
Unknown command.
You hit the gnoll sergeant but do no damage.
Your punch misses the gnoll sergeant.
The gnoll sergeant is heavily wounded.
The gnoll sergeant hits you with a +0 vampiric trident!
* * * LOW HITPOINT WARNING * * *
The gnoll sergeant draws strength from your wounds!
You hit the gnoll sergeant but do no damage.
The gnoll sergeant looks as sick as possible!
The gnoll sergeant is severely wounded.
You feel like a meek peon again.
The gnoll sergeant completely misses you.
Unknown command.
You hit the gnoll sergeant but do no damage.
The gnoll sergeant looks as sick as possible!
The gnoll sergeant is severely wounded.
The gnoll sergeant hits you with a +0 vampiric trident!
You die...

* ..#### ** *
, , ......, ,,
, , > *
......# ,* ,,
, , ....... ,
* *** * *
......) ,
....... * * *
, *
.......#### *
, *
.......)g.# ,
,,*
......###@# *
, ,......###.#
* **
####......####
** ,,,
*#.#.......# ,
, , ,
*#.#...###.#
*, ,, * ,
*#.........# ,
, , , **
#.......#.###
,, , ,
#.##....#...#
,,, *
#.......#####
* ,


You could see a gnoll sergeant (extremely poisoned).

Vanquished Creatures
  Sigmund (D:6)
  2 black bears
  3 ogres
  A kobold brigand (D:6)
  Blork the orc (D:5)
  A scorpion (D:6)
  2 howler monkeys (D:6)
  2 orc priests (D:3)
  A jelly (D:6)
  3 hounds
  4 iguanas
  5 orc wizards
  A sleepcap (D:5)
  A hell rat (Sewer)
  7 gnolls
  13 river rats
  10 adders
  An ufetubus (D:6)
  A worm (D:3)
  3 dart slugs
  14 orcs
  12 ball pythons
  6 endoplasms
  4 giant cockroaches
  9 goblins
  9 hobgoblins
  4 quokkas
  8 bats
  A frilled lizard (D:1)
  14 kobolds
  7 rats
151 creatures vanquished.

Vanquished Creatures (others)
  6 plants
6 creatures vanquished.

Grand Total: 157 creatures vanquished

Notes
Turn   | Place    | Note
-------+----------+-------------------------------------------
     0 | D:1      | sanka the Meteoran Hexslinger began the quest for the Orb.
     0 | D:1      | Reached XP level 1. HP: 16/16 MP: 3/3
    56 | D:1      | Reached XP level 2. HP: 23/24 MP: 5/5
   149 | D:1      | Reached XP level 3. HP: 30/30 MP: 6/6
   363 | D:1      | Reached skill level 3 in Dodging
   481 | D:1      | Glimpsed the power of Zot.
   533 | D:2      | Reached skill level 1 in Unarmed Combat
   590 | D:2      | Reached XP level 4. HP: 28/38 MP: 7/7
   722 | D:2      | Found a shimmering altar of Xom.
   968 | D:3      | Reached XP level 5. HP: 9/45 MP: 8/8
  1104 | D:3      | Reached skill level 4 in Dodging
  1341 | D:3      | Reached XP level 6. HP: 43/52 MP: 9/9
  1679 | D:3      | Glimpsed the power of Zot.
  1846 | D:4      | Found a hazy altar of Hepliaklqana.
  1907 | D:4      | Found a broken altar of Ashenzari.
  1908 | D:4      | Noticed a black bear
  1928 | D:4      | Killed a black bear
  1929 | D:4      | Reached skill level 5 in Fighting
  1929 | D:4      | Reached skill level 5 in Dodging
  1929 | D:4      | Reached XP level 7. HP: 10/61 MP: 10/10
  2069 | D:4      | Reached skill level 6 in Dodging
  2144 | D:4      | Found a staircase to the Ecumenical Temple.
  2183 | Temple   | Entered the Ecumenical Temple
  2190 | Temple   | Became a worshipper of Warmaster Okawaru
  2247 | D:4      | Reached XP level 8. HP: 63/70 MP: 11/11
  2285 | D:4      | Found a glowing drain.
  2293 | D:4      | Glimpsed the power of Zot.
  2304 | Sewer    | Entered a sewer
  2438 | D:4      | Glimpsed the power of Zot.
  2441 | D:5      | Entered Level 5 of the Dungeon
  2663 | D:5      | Reached skill level 7 in Dodging
  2777 | D:5      | Noticed Blork the orc
  2793 | D:5      | Killed Blork the orc
  2990 | D:5      | Glimpsed the power of Zot.
  3069 | D:6      | Reached * piety under Okawaru
  3125 | D:6      | Reached skill level 8 in Dodging
  3147 | D:6      | Gained mutation: You passively map the area around you.
                  | [Meteoran growth]
  3147 | D:6      | Reached XP level 9. HP: 70/80 MP: 12/12
  3498 | D:6      | Reached skill level 1 in Invocations
  3537 | D:5      | Reached skill level 9 in Dodging
  3584 | D:6      | Noticed Sigmund
  3589 | D:6      | Glimpsed the power of Zot.
  3597 | D:6      | Killed Sigmund
  3597 | D:6      | Reached ** piety under Okawaru
  3639 | D:6      | Glimpsed the power of Zot.
  3716 | D:7      | Slain by a gnoll sergeant

Illustrated notes

Levels and vault maps discovered:
D:1:      dpeg_arrival_windows_large_door, layout_basic
D:2:      layout_basic, basic_altar, eino_tiny_chamber
D:3:      layout_loops_corners, kennysheep_orc_chapel
D:4:      layout_rooms, old_standard_altar, nicolae_hepliaklqana_hippocampus,
          nicolae_ru_the_path_less_chosen, temple_fountains,
          portal_sewer_entry_e
D:5:      wad_crossroads, layout_basic, lemuel_flamethrower_2,
          uniq_blork_the_orc
D:6:      wad_woods_tower, layout_loops_ring, uniq_sigmund
D:7:      layout_basic, minmay_the_grid_2x2 [minmay_the_grid_dragon_b,
          minmay_the_grid_paths, minmay_the_grid_outer_circle,
          minmay_the_grid_prize_inner_circle]
Temple:   nicolae_temple_bog_church

Skill      XL: |  1  2  3  4  5  6  7  8  9 |
---------------+----------------------------+-----
Fighting       | 2 3 4 5 6 7 8 |  8.5
Dodging        | 3 4 5 6 8 9 |  9.2
Unarmed Combat | 1 2 |  2.0
Invocations    | 2 |  2.8
Ranged Weapons | |  2.1
Spellcasting   | |  1.3
Hexes          | |  3.6

Action                     |  1- 3 |  4- 6 |  7- 9 || total
---------------------------+-------+-------+-------++-------
  Melee: Dagger            |    20 |   186 |   397 ||   603
         Punch             |       |     5 |     9 ||    14
   Fire: Sling             |    72 |       |     4 ||    76
   Cast: Slow              |       |       |     1 ||     1
 Invoke: Heroism           |       |       |     1 ||     1
    Use: Scroll            |       |     3 |     2 ||     5
         Potion            |       |       |     2 ||     2
 Armour: Robe              |    17 |    38 |    82 ||   137
  Dodge: Dodged            |    34 |   101 |   324 ||   459
